 Dungeon Crawl Stone Soup version 0.31-a0-263-ge8cad7f256 (webtiles) character file.

Game seed: 645555089233906154

63 qw the Shooter (level 4, 0/26 HPs)
             Began as a Gargoyle Hexslinger on July 13, 2023.
             Frozen to death by an endoplasm (2 damage)
             ... on level 2 of the Dungeon.
             The game lasted 00:00:35 (1704 turns).

qw the Shooter (Gargoyle Hexslinger)                Turns: 1704, Time: 00:00:36

Health: 0/26       AC: 11    Str: 12    XL:     4   Next: 9%
Magic:  5/5        EV: 10    Int: 13    God:
Gold:   63         SH:  0    Dex: 14    Spells: 4/5 levels left

rFire   + . .        Y - +2 sling
rCold   . . .        (no shield)
rNeg    + . .        g - +0 ring mail
rPois   inf          (no helmet)
rElec   +            (no cloak)
rCorr   .            (no gloves)
SInv    .            h - +2 pair of boots
Will    .....        (no amulet)
Stlth   +            c - ring of protection from fire
HPRegen 0.24/turn    (no ring)
MPRegen 0.09/turn

%: no passive effects
@: no status effects
A: sickness immunity, AC +3, negative energy resistance 1, electricity
resistance, torment resistance 1, petrification resistance
a: no special abilities


You were on level 2 of the Dungeon.
You visited 1 branch of the dungeon, and saw 3 of its levels.

You collected 63 gold pieces.


Innate Abilities, Weirdness & Mutations

You are immune to sickness and miasma.
Your stone body is resilient. (AC +3)
You are immune to poison.
You resist negative energy. (rN+)
You are resistant to electric shocks. (rElec)
You are resistant to unholy torment.
You are immune to petrification.


   Skills:
 - Level 2.0 Fighting
 + Level 3.5 Ranged Weapons
 - Level 1.4 Armour
 - Level 1.5 Dodging
 - Level 1.0 Spellcasting
 - Level 2.6 Hexes


You had 4 spell levels left.
You knew the following spells:

 Your Spells              Type           Power      Damage    Failure   Level
a - Slow                  Hex            28%        N/A       21%         1

Your spell library contained the following spells:

 Spells                   Type           Power      Damage    Failure   Level
 Inner Flame              Hex/Fire       4%         N/A       71%         3
 Portal Projectile        Hex/Tloc       8%         N/A       71%         3
 Cause Fear               Hex            3%         N/A       90%         4

Inventory:

Hand Weapons
 Y - a +2 sling (weapon)
Armour
 g - a +0 ring mail (worn)
 h - a +2 pair of boots (worn)
Jewellery
 c - a ring of protection from fire (left hand)
Potions
 a - a potion of berserk rage {unknown}
 f - a potion of enlightenment {unknown}
 i - a potion of heal wounds {unknown}
 j - a potion of cancellation {unknown}

Dungeon Overview and Level Annotations

Branches:
Dungeon (3/15)

Altars:


Message History

The adder closely misses you.
You shoot a sling bullet. The sling bullet misses the adder.
The adder bites you but does no damage. The adder closely misses you.
The endoplasm freezes you.
You are frozen.
The adder closely misses you. The adder barely misses you.
You shoot a sling bullet. The sling bullet hits the adder.
The adder is lightly wounded.
The endoplasm jiggles.
The endoplasm hits you but does no damage.
The adder barely misses you. The adder bites you but does no damage.
The endoplasm closely misses you.
You shoot a sling bullet.
The sling bullet barely misses the adder.
The adder barely misses you. The adder bites you.
The adder bites you but does no damage. The adder misses you.
The endoplasm closely misses you.
You shoot a sling bullet.
The sling bullet hits the adder but does no damage.
The adder is lightly wounded.
The adder bites you. The adder barely misses you. The endoplasm freezes you.
You are frozen.
The adder barely misses you. x2
You shoot a sling bullet.
The sling bullet barely misses the adder.
The endoplasm freezes you.
You are frozen.
The adder closely misses you. The adder barely misses you.
The endoplasm freezes you.
You are frozen.
The adder barely misses you. The adder bites you but does no damage.
You shoot a sling bullet. The sling bullet hits the adder.
The adder is heavily wounded.
The adder bites you. The adder barely misses you.
The endoplasm hits you but does no damage.
The adder barely misses you.
You shoot a sling bullet.
The sling bullet barely misses the adder.
The adder closely misses you. The endoplasm freezes you.
You are frozen.
You die...

#...# #.).........# ###.#
######...###.###.#######
#...#
#................######
#.###
#.#.###.###...........#
#..# #.#.#
#.###.#########.# ##.#
.#..# #.##...## #.# #.#
#.### #.#.###.## #.# #.#
#.#####..## ##.#### #.# #.#
#........# #.S@S# #.# #.#
#######..## ##.##J###.#
##.##
#.#.###.........####...####
#.##...####................
#######(######
#..#.#.###...#### ........#
#....#.# ##..# #########
##.###.# ##.# #.....# #.#
####### #.#


You could see 2 adders and an endoplasm.

Vanquished Creatures
  2 adders (D:2)
  A dart slug (D:1)
  An orc (D:3)
  3 endoplasms
  A giant cockroach (D:1)
  5 goblins
  3 hobgoblins
  4 jackals (D:1)
  5 kobolds
  2 quokkas (D:1)
  4 ball pythons
  4 bats (D:1)
  4 rats
39 creatures vanquished.

Notes
Turn   | Place    | Note
-------+----------+-------------------------------------------
     0 | D:1      | qw the Gargoyle Hexslinger began the quest for the Orb.
     0 | D:1      | Reached XP level 1. HP: 12/12 MP: 2/2
     0 | D:1      | 0 ||| qw: Version: 0.3-a-52-g30416fa
     0 | D:1      | 0 ||| qw: Game counter: 7240
     0 | D:1      | 0 ||| qw: Melee chars always use a shield: true
     0 | D:1      | 0 ||| qw: God list: Okawaru
     0 | D:1      | 0 ||| qw: Allow faded altars: false
     0 | D:1      | 0 ||| qw: Do Orc after clearing Dungeon:15 true
     0 | D:1      | 0 ||| qw: Do second Lair branch before Depths: true
     0 | D:1      | 0 ||| qw: Lair rune preference: random
     0 | D:1      | 0 ||| qw: Goals: Normal
     0 | D:1      | 0 ||| PLANNING D:1-11
   232 | D:1      | Reached XP level 2. HP: 16/16 MP: 3/3
   364 | D:1      | Reached skill level 3 in Ranged Weapons
   615 | D:1      | Reached XP level 3. HP: 16/21 MP: 4/4
   987 | D:1      | 987 ||| UPGRADING to +0 leather armour.
   997 | D:1      | 997 ||| DROPPING +0 robe.
   998 | D:1      | 998 ||| UPGRADING to +0 ring mail.
  1008 | D:1      | 1008 ||| DROPPING +0 leather armour.
  1009 | D:1      | 1009 ||| UPGRADING to +2 pair of boots.
  1014 | D:1      | 1014 ||| READING scroll labelled ERCHYM BAFUOLE.
  1015 | D:1      | 1015 ||| READING scroll labelled GEFEXKIGG.
  1016 | D:1      | 1016 ||| DROPPING scroll of poison.
  1185 | D:2      | Reached skill level 1 in Armour
  1354 | D:2      | Found a faded altar of an unknown god.
  1450 | D:2      | Reached XP level 4. HP: 26/26 MP: 5/5
  1634 | D:2      | 1634 ||| UPGRADING to ring of protection from fire.
  1635 | D:2      | 1635 ||| READING scroll labelled WUOBBO HUYFOLOSH.
  1636 | D:2      | 1636 ||| READING 2 scrolls labelled IBRUSAFAERCH.
  1637 | D:2      | 1637 ||| READING scroll labelled ZAOHAP NIOFUHE.
  1638 | D:2      | 1638 ||| READING scroll labelled GATUHAS BAERAI.
  1641 | D:2      | 1641 ||| READING scroll labelled ISERES HINUKK.
  1642 | D:2      | 1642 ||| DROPPING scroll of fog.
  1693 | D:3      | 1693 ||| STAIRDANCE
  1702 | D:2      | HP: 6/26 [frozen (3)]
  1703 | D:2      | HP: 2/26 [adder (3)]
  1704 | D:2      | Frozen to death by an endoplasm

Levels and vault maps discovered:
D:1:      dpeg_chamrin_arrival_tetris, layout_basic
D:2:      layout_loops_ring, ebering_ecumenical_altar_box
D:3:      layout_rooms, mainiacjoe_overflow_surrounded_room,
          lemuel_crystal_altar, nicolae_uskayaw_suspiria, gammafunk_ghost_arena,
          grunt_ministairs_6, uniq_jessica

Skill      XL: |  1  2  3 |
---------------+----------+-----
Ranged Weapons | 3 |  3.5
Fighting       | 2 |  2.0
Armour         | 1 |  1.4
Dodging        | |  1.5
Spellcasting   | |  1.0
Hexes          | |  2.6

Action                     |  1- 3 |  4- 6 || total
---------------------------+-------+-------++-------
   Fire: Sling             |   112 |    20 ||   132
    Use: Scroll            |     2 |     5 ||     7
 Armour: Robe              |     4 |       ||     4
         Ring mail         |    10 |    18 ||    28
  Dodge: Dodged            |    19 |    41 ||    60

Table legend:
 A = Non-vault XP
 B = Vault XP
 C = Vault XP percentage of total XP
 D = Non-vault monster count
 E = Vault monster count
 F = Vault count percentage of total count
                 A         B        C        D         E       F
            +---------+---------+-------+---------+---------+-------
      Total |      90 |       0 |   0.0 |      39 |       0 |   0.0
            +---------+---------+-------+---------+---------+-------
        D:1 |      39 |       0 |   0.0 |      22 |       0 |   0.0
        D:2 |      46 |       0 |   0.0 |      15 |       0 |   0.0
        D:3 |       5 |       0 |   0.0 |       2 |       0 |   0.0
            +---------+---------+-------+---------+---------+-------
